 Dungeon Crawl Stone Soup version 0.21-a0-404-g291f19a (webtiles) character file.

331 grizmgrazm2 the Insei (level 6, -10/47 HPs)
             Began as a Gnoll Transmuter on Oct 26, 2017.
             Engulfed by a steam dragon's steam (11 damage)
             ... on level 4 of the Dungeon.
             The game lasted 00:09:33 (3324 turns).

grizmgrazm2 the Insei (Gnoll Transmuter)            Turns: 3324, Time: 00:09:33

Health: -10/47     AC:  2    Str: 12    XL:     6   Next: 51%
Magic:  12/14      EV: 24    Int: 17    God:
Gold:   284        SH:  0    Dex: 21    Spells: 7/15 levels left

rFire    . . .     SeeInvis .     - Unarmed
rCold    . . .     Gourm    .   (shield currently unavailable)
rNeg     . . .     Faith    .   (armour currently unavailable)
rPois    x         Spirit   .   (helmet currently unavailable)
rElec    .         Reflect  .   (cloak currently unavailable)
rCorr    .         Harm     .   (gloves currently unavailable)
MR       +....                  (boots currently unavailable)
Stlth    ++........             (no amulet)
HPRegen  0.15/turn              l - ring of protection from magic
MPRegen  0.14/turn              (no ring)

@: spider-form (expiring)
A: distributed training, strong nose
a: End Transformation


You were on level 4 of the Dungeon.
You were not hungry.
You were a venomous arachnid creature.
You visited 1 branch of the dungeon, and saw 4 of its levels.

You collected 284 gold pieces.

Inventory:

Hand Weapons
 q - a +0 short sword (melded)
Missiles
 a - 22 arrows
Armour
 o - a +3 leather armour (melded)
Jewellery
 l - a ring of protection from magic (left front leg)
 n - a cursed ring of magical power {unknown}
Wands
 f - a wand of iceblast (7/15)
 g - a wand of polymorph (12/24)
 p - a wand of lightning (8/15)
Scrolls
 e - 3 scrolls of remove curse
 j - 3 scrolls of identify
Books
 c - a book of Changes

   Spells                             Type                      Level
   a - Beastly Appendage              Transmutation                1
   b - Sticks to Snakes               Transmutation                2
   c - Spider Form                    Transmutation/Poison         3
   d - Ice Form                       Ice/Transmutation            4
   e - Blade Hands                    Transmutation                5
Comestibles
 b - a royal jelly
 d - a chunk of flesh
 i - 2 meat rations


   Skills:
 + Level 3.2 Fighting
 + Level 2.0 Short Blades
 + Level 2.0 Long Blades
 + Level 2.0 Axes
 + Level 2.0 Maces & Flails
 + Level 2.0 Polearms
 + Level 2.0 Staves
 + Level 2.0 Slings
 + Level 2.0 Bows
 + Level 2.0 Crossbows
 + Level 2.0 Throwing
 + Level 2.0 Armour
 + Level 5.0 Dodging
 + Level 2.0 Stealth
 + Level 2.0 Shields
 + Level 6.8 Unarmed Combat
 + Level 5.3 Spellcasting
 + Level 1.5 Conjurations
 + Level 1.5 Hexes
 + Level 1.5 Charms
 + Level 1.5 Summonings
 + Level 1.5 Necromancy
 + Level 1.5 Translocations
 + Level 4.1 Transmutations
 + Level 1.5 Fire Magic
 + Level 1.5 Ice Magic
 + Level 1.5 Air Magic
 + Level 1.5 Earth Magic
 + Level 1.5 Poison Magic
 + Level 2.1 Invocations
 + Level 2.0 Evocations


You had 7 spell levels left.
You knew the following spells:

 Your Spells              Type           Power        Failure   Level  Hunger
a - Beastly Appendage     Tmut           ###...       10%         1    None
b - Spider Form           Tmut/Pois      ##........   30%         3    ##.....
c - Ice Form              Ice/Tmut       ##......     61%         4    ####...


Dungeon Overview and Level Annotations

Branches:
Dungeon (4/15)
 Temple: D:4-7

Altars:
Okawaru


Innate Abilities, Weirdness & Mutations

Your experience applies equally to all skills.
((You have very sharp teeth.))
Your uncanny sense of smell can sniff out nearby items.


Message History

The steam dragon is poisoned.
The steam dragon misses you. The steam dragon claws you.
You closely miss the steam dragon. The steam dragon breathes steam at you.
The ball of steam hits you!
You hear a shout!
You hit the steam dragon.
The steam dragon looks even sicker.
The steam dragon is moderately wounded.
You are engulfed in a cloud of scalding steam.
* * * LOW HITPOINT WARNING * * *
The steam dragon completely misses you. The steam dragon misses you.
You are engulfed in a cloud of scalding steam.
* * * LOW HITPOINT WARNING * * *
The steam dragon closely misses you. The steam dragon completely misses you.
Your transformation is almost over.
The steam dragon breathes steam at you. The ball of steam hits you!
* * * LOW HITPOINT WARNING * * *
You are engulfed in a cloud of scalding steam.
You die...

............##%.........#
...$..#
...%.......#...........##.....#
#.$§§.....#.........#......
#.<......................#
#..§5...............###..#
#....#......?.......##..#
#=...#......§§D..§.$....#
#....#....>.§.?§......<.#
#........§§§s§.........÷#
...##.....§..<..§........# ####
............§........#
...............###.....
......##.......# #....## ####
#.......# #....# #########
#....# ##...#


You could see a steam dragon.

Vanquished Creatures
  A phantom (D:3)
  An ogre (D:3)
  A crimson imp (D:3)
  An iguana (D:4)
  A worker ant (D:4)
  A gnoll (D:2)
  2 adders (D:2)
  A dart slug (D:1)
  3 ball pythons (D:1)
  7 goblins
  6 hobgoblins
  4 jackals (D:1)
  10 kobolds
  8 bats
  3 frilled lizards
  4 rats
54 creatures vanquished.

Notes
Turn   | Place    | Note
-------+----------+-------------------------------------------
     0 | D:1      | grizmgrazm2 the Gnoll Transmuter began the quest for the Orb.
     0 | D:1      | Reached XP level 1. HP: 17/17 MP: 6/6
    78 | D:1      | Reached XP level 2. HP: 23/23 MP: 7/7
   400 | D:1      | Reached XP level 3. HP: 23/28 MP: 9/9
   405 | D:1      | Learned a level 3 spell: Spider Form
   474 | D:1      | Reached skill level 5 in Spellcasting
   944 | D:2      | Reached skill level 1 in Invocations
  1189 | D:2      | Found an iron altar of Okawaru.
  1192 | D:2      | Reached skill level 1 in Short Blades
  1192 | D:2      | Reached skill level 1 in Long Blades
  1192 | D:2      | Reached skill level 1 in Axes
  1192 | D:2      | Reached skill level 1 in Maces & Flails
  1192 | D:2      | Reached skill level 1 in Polearms
  1192 | D:2      | Reached skill level 1 in Staves
  1192 | D:2      | Reached skill level 1 in Slings
  1192 | D:2      | Reached skill level 1 in Bows
  1192 | D:2      | Reached skill level 1 in Crossbows
  1192 | D:2      | Reached skill level 1 in Throwing
  1192 | D:2      | Reached skill level 1 in Armour
  1192 | D:2      | Reached skill level 1 in Stealth
  1192 | D:2      | Reached skill level 1 in Shields
  1192 | D:2      | Reached skill level 1 in Evocations
  1333 | D:2      | Reached XP level 4. HP: 31/34 MP: 9/11
  1339 | D:2      | Learned a level 4 spell: Ice Form
  2486 | D:4      | Noticed a phantom
  2489 | D:4      | Noticed an ogre
  2512 | D:3      | Killed a phantom
  2512 | D:3      | Reached skill level 1 in Conjurations
  2512 | D:3      | Reached skill level 1 in Hexes
  2512 | D:3      | Reached skill level 1 in Charms
  2512 | D:3      | Reached skill level 1 in Summonings
  2512 | D:3      | Reached skill level 1 in Necromancy
  2512 | D:3      | Reached skill level 1 in Translocations
  2512 | D:3      | Reached skill level 1 in Fire Magic
  2512 | D:3      | Reached skill level 1 in Ice Magic
  2512 | D:3      | Reached skill level 1 in Air Magic
  2512 | D:3      | Reached skill level 1 in Earth Magic
  2512 | D:3      | Reached skill level 1 in Poison Magic
  2512 | D:3      | Reached XP level 5. HP: 17/41 MP: 3/12
  2803 | D:3      | Killed an ogre
  2803 | D:3      | Reached XP level 6. HP: 31/47 MP: 9/13
  2959 | D:4      | Noticed a steam dragon
  3232 | D:3      | Reached skill level 5 in Dodging
  3323 | D:4      | HP: 1/47 [steam dragon/ball of steam (10)]
  3324 | D:4      | Engulfed by a steam dragon's steam

Vault maps used:
D:1:      lightli_arrival_flooded_house
D:2:      okawaru_altar_gauntlet_db
D:3:      wad_pebble_path
D:4:      kennysheep_ying_yang, nicolae_ru_great_annihilating_truth,
          first_bread, uniq_robin

Skill      XL: |  1  2  3  4  5  6 |
---------------+-------------------+-----
Spellcasting   | 5 |  5.3
Invocations    | 1 2 |  2.1
Short Blades   | 1 2 |  2.0
Long Blades    | 1 2 |  2.0
Axes           | 1 2 |  2.0
Maces & Flails | 1 2 |  2.0
Polearms       | 1 2 |  2.0
Staves         | 1 2 |  2.0
Slings         | 1 2 |  2.0
Bows           | 1 2 |  2.0
Crossbows      | 1 2 |  2.0
Throwing       | 1 2 |  2.0
Armour         | 1 2 |  2.0
Stealth        | 1 2 |  2.0
Shields        | 1 2 |  2.0
Evocations     | 1 2 |  2.0
Fighting       | 3 |  3.2
Conjurations   | 1 |  1.5
Hexes          | 1 |  1.5
Charms         | 1 |  1.5
Summonings     | 1 |  1.5
Necromancy     | 1 |  1.5
Translocations | 1 |  1.5
Fire Magic     | 1 |  1.5
Ice Magic      | 1 |  1.5
Air Magic      | 1 |  1.5
Earth Magic    | 1 |  1.5
Poison Magic   | 1 |  1.5
Transmutations | 4 |  4.1
Dodging        | 5 |  5.0
Unarmed Combat | |  6.8

Action                   |  1- 3 |  4- 6 || total
-------------------------+-------+-------++-------
Melee: Club              |    42 |       ||    42
       Punch             |     3 |     1 ||     4
       Dagger            |   145 |    35 ||   180
       Bite              |    15 |     6 ||    21
       Headbutt          |     7 |     7 ||    14
       Kick              |     4 |     8 ||    12
       Unarmed           |     1 |    22 ||    23
       Short sword       |       |    38 ||    38
 Cast: Beastly Appendage |    14 |    15 ||    29
       Spider Form       |     1 |     4 ||     5
  Use: Scroll            |     5 |     8 ||    13
       Potion            |       |     2 ||     2
 Stab: Sleeping          |       |     2 ||     2
  Eat: Bread ration      |     1 |     1 ||     2
       Chunk             |       |     1 ||     1
Armor: Ring mail         |    47 |       ||    47
       Leather armour    |     3 |    15 ||    18
       Skin              |       |     1 ||     1
Dodge: Dodged            |   155 |    75 ||   230

Table legend:
 A = Spawn XP
 B = Non-spawn XP
 C = Spawn XP percentage of total XP
 D = Spawn monster count
 E = Non-spawn monster count
 F = Spawn count percentage of total count
 G = Total turns spent on level
                    A         B        C        D         E        F      G
               +---------+---------+-------+---------+---------+-------+---------
         Total |       0 |     473 |   0.0 |       0 |      54 |   0.0 |  3324
               +---------+---------+-------+---------+---------+-------+---------
           D:1 |       0 |      45 |   0.0 |       0 |      26 |   0.0 |   809
           D:2 |       0 |      55 |   0.0 |       0 |      13 |   0.0 |  1025
           D:3 |       0 |     300 |   0.0 |       0 |      13 |   0.0 |  1377
           D:4 |       0 |      73 |   0.0 |       0 |       2 |   0.0 |   113
               +---------+---------+-------+---------+---------+-------+---------
